 Dungeon Crawl Stone Soup version 0.29.1-15-g9cfb28693d (webtiles) character file.

Game seed: 2527272321589871068

3494 cdecastro the Cleaver (level 10, -6/92 HPs)
             Began as a Hill Orc Fighter on Feb 24, 2023.
             Was a Believer of Nemelex Xobeh.
             Mangled by a yak (8 damage)
             ... on level 9 of the Dungeon.
             The game lasted 00:15:13 (10693 turns).

cdecastro the Cleaver (Hill Orc Fighter)           Turns: 10693, Time: 00:15:14

Health: -6/92      AC: 11    Str: 24    XL:     10   Next: 7%
Magic:  13/13      EV: 12    Int:  8    God:    Nemelex Xobeh [**....]
Gold:   121        SH:  0    Dex: 10    Spells: 9/9 levels left

rFire   + . .      SeeInvis .   a - +0 war axe
rCold   . . .      Faith    .   (no shield)
rNeg    . . .      Spirit   .   p - +0 chain mail
rPois   .          Reflect  .   (no helmet)
rElec   .          Harm     .   (no cloak)
rCorr   .          Rampage  .   (no gloves)
Will    .....                   k - +0 pair of boots
Stlth   ..........              (no amulet)
HPRegen 0.25/turn               M - ring of protection from fire
MPRegen 0.13/turn               I - +4 ring of evasion

@: mighty, slowed, very slow
A: no striking features
a: Renounce Religion, Draw Escape, Draw Destruction, Draw Summoning


You were on level 9 of the Dungeon.
You worshipped Nemelex Xobeh.
Nemelex Xobeh was pleased with you.
You visited 2 branches of the dungeon, and saw 10 of its levels.

You collected 421 gold pieces.
You spent 300 gold pieces at shops.

Inventory:

Hand Weapons
 a - a +0 war axe (weapon)
 d - the +4 spear of Isue {speed, rF- rC+ Will+ rCorr}
   (You found it on level 3 of the Dungeon)

   Attacks with this weapon are significantly faster.
   rF:        It makes you vulnerable to fire.
   rC:        It protects you from cold.
   rCorr:     It protects you from acid and corrosion.
   Will:      It increases your willpower.
 j - a +2 sling of freezing
 C - a +1 whip of freezing
 K - a +2 morningstar
Missiles
 u - 13 poisoned darts (quivered)
 z - 6 javelins
 G - 6 datura-tipped darts
 S - a curare-tipped dart
Armour
 b - a +0 scale mail
 c - a +0 buckler
 k - a +0 pair of boots (worn)
 p - a +0 chain mail (worn)
 N - a +0 cloak
Magical Staves
 P - a staff of poison
 R - a staff of conjuration
Jewellery
 f - a +6 ring of dexterity
 B - a +6 ring of dexterity
 I - a +4 ring of evasion (right hand)
 M - a ring of protection from fire (left hand)
 T - an amulet of magic regeneration
 U - an amulet of regeneration
Wands
 x - a wand of polymorph (5)
 y - a wand of light (4)
 H - a wand of iceblast (23)
Scrolls
 e - 5 scrolls of identify {unknown}
 g - 3 scrolls of blinking {unknown}
 l - 3 scrolls of fear
 n - 3 scrolls of enchant weapon {unknown}
 o - 2 scrolls of teleportation {unknown}
 s - a scroll of silence {unknown}
 w - a scroll of brand weapon {unknown}
 A - 2 scrolls of acquirement {unknown}
 E - 4 scrolls of enchant armour {unknown}
 F - a scroll of immolation {unknown}
 J - 3 scrolls of magic mapping {unknown}
 L - 2 scrolls of summoning {unknown}
 Q - 3 scrolls of noise {unknown}
Potions
 h - a potion of invisibility {unknown}
 i - 3 potions of brilliance {unknown}
 m - 4 potions of curing {unknown}
 q - 3 potions of heal wounds {unknown}
 r - a potion of mutation {unknown}
 t - a potion of resistance {unknown}
 v - 3 potions of berserk rage {unknown}
 D - a potion of might
 O - a potion of degeneration {unknown}


   Skills:
 + Level 9.6 Fighting
 - Level 14.0 Axes
 - Level 5.0 Armour
 - Level 3.2 Shields
 - Level 5.0 Invocations


You had 9 spell levels left.
You didn't know any spells.
Your spell library contained the following spells:

 Spells                   Type           Power      Damage    Failure   Level
 Conjure Flame            Conj/Fire      0%         6-21      100%        3
 Ignite Poison            Fire/Tmut/Pois 0%         N/A       100%        3
 Sticky Flame             Conj/Fire      0%         2d3       100%        4


Dungeon Overview and Level Annotations

Branches:
Dungeon (9/15)             Temple (1/1) D:6            Lair (0/5) D:8
    Orc: D:9-12

Altars:
Ashenzari
Cheibriados
Fedhas
Gozag
Hepliaklqana
Kikubaaqudgha
Makhleb
Nemelex Xobeh
Sif Muna
Trog
Uskayaw
Vehumet
Wu Jian
Xom
Yredelemnul
The Shining One

Shops:
D:1 =   D:3 (   D:6 [

Annotations:
D:8 death yaks


Message History

The yak is moderately wounded.
You hit the wraith. The wraith hits you.
* * * LOW HITPOINT WARNING * * *
The wraith drains your vigour!
You feel as though you will be slow longer.
The yak gores you but does no damage.
You slash the yak!
The yak is severely wounded.
You closely miss the wraith. The wraith hits you but does no damage.
The yak gores you.
* * * LOW HITPOINT WARNING * * *
Unknown command.
You closely miss the yak.
The yak is severely wounded.
You hit the wraith. The wraith hits you.
* * * LOW HITPOINT WARNING * * *
The yak gores you!
* * * LOW HITPOINT WARNING * * *
A yak comes into view.
The wraith hits you.
* * * LOW HITPOINT WARNING * * *
The wraith drains your vigour!
You feel as though you will be slow longer.
The yak bellows!
You slash the yak!
The yak is moderately wounded.
You barely miss the wraith.
You hear a bellow! x2; You hear an angry buzzing noise.
A yak comes into view.
The wraith barely misses you. The yak gores you but does no damage.
You hear a shout!
You slash the yak!
The yak is almost dead.
You barely miss the yak. You closely miss the wraith. The wraith misses you.
A yak comes into view.
The yak gores you.
* * * LOW HITPOINT WARNING * * *
The yak gores you!
You die...
Your body disappears without a glow.

.. ## #.#
#. #..#..
. ....#
.Y####...#
.Y.Y.....#
......Y))#
#..Y@.#
.......W##
........#
....###..
... .## ..
. . #


You could see 5 yaks and a wraith.

Vanquished Creatures
  Sigmund (D:3)
  A wyvern (D:9)
  Menkaure (D:7)
  A steam dragon (D:6)
  An acid dragon (D:8)
  Duvessa (D:6)
  A water moccasin (D:5)
  A sky beast (D:7)
  2 ice beasts (D:7)
  An orc warrior (D:8)
  2 black bears
  2 ogres
  2 centaurs (D:8)
  2 phantoms (D:5)
  3 kobold brigands
  A bullfrog (D:7)
  A gnoll sergeant (D:6)
  5 scorpions
  A necrophage (D:8)
  3 wights (D:6)
  Dowan (D:6)
  A howler monkey (D:4)
  3 jellies
  Crazy Yiuf (D:2)
  4 hounds (D:6)
  A gnoll bouda (D:5)
  2 orc wizards
  Ijyb (D:4)
  8 gnolls
  4 adders
  3 river rats (D:8)
  2 shadow imps
  2 white imps
  A worm (D:3)
  7 dart slugs
  21 orcs
  2 ball pythons
  9 endoplasms
  6 giant cockroaches
  8 hobgoblins
  6 jackals
  3 quokkas (D:8)
  3 bats
  4 frilled lizards
  2 goblins
  17 kobolds
  6 rats
161 creatures vanquished.

Vanquished Creatures (others)
  A plant (D:1)
1 creature vanquished.

Grand Total: 162 creatures vanquished

Notes
Turn   | Place    | Note
-------+----------+-------------------------------------------
     0 | D:1      | cdecastro the Hill Orc Fighter began the quest for the Orb.
     0 | D:1      | Reached XP level 1. HP: 19/19 MP: 1/1
    60 | D:1      | Reached skill level 3 in Axes
   296 | D:1      | Reached XP level 2. HP: 26/26 MP: 2/2
   412 | D:1      | Reached skill level 4 in Axes
   495 | D:1      | Found Zanamaapp's Jewellery Boutique.
   793 | D:1      | Reached XP level 3. HP: 30/31 MP: 3/3
  1449 | D:2      | Found a snail-covered altar of Cheibriados.
  1528 | D:2      | Reached skill level 5 in Axes
  1563 | D:2      | Found a runed translucent door.
  1564 | D:2      | Noticed Crazy Yiuf
  2290 | D:3      | Found a sparkling altar of Nemelex Xobeh.
  2327 | D:3      | Identified the +4 spear of Isue {speed, rF- rC+ Will+
                  | rCorr}
  2579 | D:3      | Reached XP level 4. HP: 27/39 MP: 4/4
  2708 | D:3      | Found Zoenipur's Antique Weapon Emporium.
  2832 | D:3      | Noticed Sigmund
  2843 | D:3      | Killed Sigmund
  2844 | D:3      | Reached skill level 8 in Axes
  2844 | D:3      | Reached XP level 5. HP: 37/45 MP: 5/5
  2844 | D:3      | Reached XP level 6. HP: 42/51 MP: 6/6
  3198 | D:3      | Became a worshipper of Nemelex Xobeh the Trickster
  3495 | D:4      | Reached skill level 9 in Axes
  3765 | D:4      | Noticed Ijyb
  3859 | D:4      | Killed Ijyb
  4074 | D:5      | Entered Level 5 of the Dungeon
  4094 | D:5      | Reached * piety under Nemelex Xobeh
  4439 | D:4      | Reached XP level 7. HP: 51/57 MP: 7/7
  4576 | D:5      | Reached skill level 10 in Axes
  4772 | D:5      | Reached skill level 5 in Fighting
  5045 | D:5      | Received a gift from Nemelex Xobeh
  5091 | D:5      | Reached XP level 8. HP: 67/68 MP: 11/11
  5099 | D:5      | Reached skill level 5 in Invocations
  5472 | D:5      | Found an ornate altar of the Wu Jian Council.
  5518 | D:5      | Reached skill level 11 in Axes
  6065 | D:6      | Reached skill level 12 in Axes
  6232 | D:6      | Found a radiant altar of Vehumet.
  6427 | D:6      | Found Oleomule's Antique Armour Boutique.
  6553 | D:6      | Reached skill level 5 in Armour
  6645 | D:6      | Reached XP level 9. HP: 64/74 MP: 12/12
  6702 | D:6      | Reached ** piety under Nemelex Xobeh
  6718 | D:6      | Noticed Duvessa
  6719 | D:6      | Noticed Dowan
  6739 | D:6      | Killed Duvessa
  6783 | D:6      | Killed Dowan
  7147 | D:6      | Reached skill level 13 in Axes
  7444 | D:6      | Found a staircase to the Ecumenical Temple.
  7521 | Temple   | Entered the Ecumenical Temple
  7682 | D:1      | Bought a ring of protection from fire for 300 gold pieces
  7759 | D:2      | Killed Crazy Yiuf
  8972 | D:7      | Found a blossoming altar of Fedhas.
  9119 | D:7      | Reached skill level 14 in Axes
  9192 | D:7      | Noticed Menkaure
  9211 | D:7      | Killed Menkaure
 10612 | D:8      | Reached XP level 10. HP: 85/90 MP: 13/13
 10640 | D:8      | Found a staircase to the Lair.
 10641 | D:8      | Noticed a death yak
 10641 | D:8      | Noticed a death yak
 10641 | D:8      | Noticed a death yak
 10693 | D:9      | HP: 2/92 [yak (5)]
 10693 | D:9      | Mangled by a yak

Illustrated notes

Levels and vault maps discovered:
D:1:      lightli_arrival_quake, layout_basic, serial_shops,
          nicolae_shop_statue_plus, serial_forest,
          infiniplex_forest_lined_room_2, infiniplex_forest_lined_room_2,
          infiniplex_forest_clump_tiny, infiniplex_forest_end_2,
          infiniplex_forest_clump_medium, infiniplex_forest_zigzag_2,
          infiniplex_forest_lined_3
D:2:      layout_basic, basic_altar, chequers_serial_rivers_micro_e,
          minmay_misc_feat_encased, uniq_crazy_yiuf_cottage
D:3:      layout_basic, mainiacjoe_overflow_tiny_flanked, serial_shops, shop,
          lemuel_flame_loot_1, uniq_sigmund
D:4:      layout_rooms, uniq_ijyb
D:5:      layout_rooms, mainiacjoe_overflow_catwalk
D:6:      layout_basic, mainiacjoe_overflow_brackets, minmay_temple_entry_trees,
          serial_shops, shop, chequers_garden, chequers_serial_rivers_small_3,
          uniq_duvessa
D:7:      layout_basic, fedhas_altar_1, hangedman_decor_riveting, uniq_menkaure
D:8:      layout_basic, dpeg_lair_monsters
D:9:      layout_rooms, lemuel_crystal_altar, serial_shops, shop_statue,
          special_room [special_room_bee]
Temple:   hellmonk_temple_of_storms

Skill      XL: |  1  2  3  4  5  6  7  8  9 10 |
---------------+-------------------------------+-----
Axes           | 3 4 5 8 9 10 12 14 | 14.0
Fighting       | 5 8 9 |  9.6
Invocations    | 4 5 |  5.0
Armour         | 5 |  5.0
Shields        | |  3.2

Action                   |  1- 3 |  4- 6 |  7- 9 | 10-12 || total
-------------------------+-------+-------+-------+-------++-------
Melee: War axe           |    94 |    93 |   344 |    25 ||   556
       Punch             |       |     1 |     5 |       ||     6
  Use: Potion            |       |     1 |       |     1 ||     2
       Scroll            |       |     1 |       |     1 ||     2
Armor: Scale mail        |    20 |       |       |       ||    20
       Chain mail        |    22 |    56 |   144 |    17 ||   239
Dodge: Dodged            |    33 |    30 |   128 |    14 ||   205
